 Dungeon Sprint DCSS version 0.24.1-14-gf8d2b509d9 (webtiles) character file.

Game seed: 6097503781270244869, levelgen mode: deterministic

2846 Chiseanne the Unseen (level 9, -4/61 HPs)
             Began as a Spriggan Assassin on June 2, 2020.
             Was a Believer of Fedhas.
             Slain by a demonic crawler (11 damage)
             ... in the Dungeon (Sprint I: "Red Sonja").
             The game lasted 00:04:16 (622 turns).

Chiseanne the Unseen (Spriggan Assassin)             Turns: 622, Time: 00:04:17

Health: -4/61      AC:  3    Str: 12    XL:     9   Next: 46%
Magic:  16/16      EV: 35    Int: 12    God:    Fedhas [**....]
Gold:   345        SH:  0    Dex: 21    Spells: 8/8 levels left

rFire    . . .     SeeInvis +   a - +2 short sword (drain)
rCold    . . .     Gourm    .   (shield restricted)
rNeg     . . .     Faith    .   b - +0 robe
rPois    .         Spirit   .   (helmet restricted)
rElec    .         Reflect  .   c - +0 cloak
rCorr    .         Harm     .   (gloves unavailable)
MR       +....     NoTele   +   (boots unavailable)
Stlth    ..........             (no amulet)
HPRegen  0.20/turn              (no ring)
MPRegen  0.15/turn              (no ring)

@: berserking, hasted, very quick
A: very small, unfitting armour, see invisible, herbivore, speed 3, slow
metabolism 2
a: Wall of Briars, Renounce Religion


You were in the Dungeon.
You worshipped Fedhas.
Fedhas was pleased with you.
You were not hungry.

You visited 1 branch You collected 835 gold pieces.
You spent 490 gold pieces at shops.

Inventory:

Hand Weapons
 a - a +2 short sword of draining (weapon)
Missiles
 d - 6 poisoned darts
 e - 8 curare-tipped darts (quivered)
 l - 28 arrows
 m - 20 sling bullets
Armour
 b - a +0 robe (worn)
 c - a +0 cloak (worn)
Jewellery
 n - an uncursed ring of ice {unknown}
Wands
 r - a wand of iceblast (11)
Potions
 g - 3 potions of curing
 h - a potion of heal wounds
 j - 2 potions of magic
 k - a potion of berserk rage
 o - a potion of lignification {unknown}
 p - a potion of flight {unknown}
Miscellaneous
 q - a sack of spiders
Comestibles
 f - a ration


   Skills:
 - Level 1.5 Fighting
 - Level 8.0 Short Blades
 - Level 2.0 Throwing
 * Level 17.6 Dodging
 * Level 19.5 Stealth
 * Level 9.0 Invocations


You had 8 spell levels left.
You didn't know any spells.
Your spell library was empty.

Dungeon Overview and Level Annotations

Branches:
Dungeon (1/1)

Altars:
Cheibriados
Dithmenos
Elyvilon
Fedhas
Gozag
Hepliaklqana
Kikubaaqudgha
Makhleb
Nemelex Xobeh
Okawaru
Qazlal
Ru
Sif Muna
Trog
Uskayaw
Vehumet
Wu Jian
Xom
Yredelemnul
Zin
The Shining One
Jiyva
Lugonu

Shops:
D }}[


Innate Abilities, Weirdness & Mutations

You are very small and have problems with some larger weapons.
You are too small for most types of armour.
You have supernaturally acute eyesight. (SInv)
You are a herbivore.
You cover ground extremely quickly.
You need to consume almost no food.


Message History

The demonic crawler misses you. The demonic crawler hits you.
* * * LOW HITPOINT WARNING * * *
The demonic crawler barely misses you.
The demonic crawler completely misses you. x5
The demonic crawler closely misses you.
You barely miss the demonic crawler.
The demonic crawler is almost dead.
The demonic crawler closely misses you. x2
The demonic crawler completely misses you.
You hit the demonic crawler.
The demonic crawler is almost dead.
The demonic crawler completely misses you. x6
You puncture the demonic crawler!
You kill the demonic crawler!
Fedhas accepts your kill.
Your Invocations skill increases to level 9!
The demonic crawler completely misses you. x2
The demonic crawler hits you!
You die...
Fedhas appreciates your contribution to the ecosystem.

####################
'..#..'..#__#..'..)#
#).'..#..'..'..#.s.##+#
##'#####'#__####@s.'†.#
#..#...#.#### #####..+
####..##.# +##
___##'#_.+ ∩..†'..._#
.__##_.#'# ___###'#.#
### ######.####+###.##
....'...'.....'.∩#


You could see 2 demonic crawlers.

Vanquished Creatures
  Sonja (D)
  A deep troll (D)
  2 kobold demonologists (D)
  2 demonic crawlers (D)
  A slime creature (D)
  Sigmund (D)
  A yak (D)
  A floating eye (D)
  An ogre (D)
  A jelly (D)
  Ijyb (D)
13 creatures vanquished.

Vanquished Creatures (others)
  A ballistomycete spore (D)
1 creature vanquished.

Grand Total: 14 creatures vanquished

Notes
Turn   | Place    | Note
-------+----------+-------------------------------------------
     0 | D        | Chiseanne the Spriggan Assassin began the quest for the
                  | Orb.
     0 | D        | Reached XP level 1. HP: 10/10 MP: 2/2
     1 | D        | Noticed Ijyb
     9 | D        | Killed Ijyb
     9 | D        | Reached skill level 5 in Dodging
     9 | D        | Reached skill level 8 in Stealth
     9 | D        | Reached XP level 2. HP: 14/14 MP: 3/3
    12 | D        | Noticed an ogre
    20 | D        | Killed an ogre
    20 | D        | Reached skill level 10 in Stealth
    20 | D        | Reached XP level 3. HP: 18/18 MP: 4/4
    20 | D        | Reached XP level 4. HP: 22/22 MP: 5/5
    35 | D        | Noticed Sigmund
    69 | D        | Killed Sigmund
    69 | D        | Reached skill level 13 in Stealth
    69 | D        | Reached XP level 5. HP: 22/25 MP: 6/6
    69 | D        | Reached XP level 6. HP: 27/30 MP: 7/7
    92 | D        | Found a shimmering blue altar of Sif Muna.
    93 | D        | Found an ornate altar of the Wu Jian Council.
    94 | D        | Found a radiant altar of Vehumet.
   105 | D        | HP: 1/30 [acid (9)]
   409 | D        | Found a burning altar of Makhleb.
   409 | D        | Found a viscous altar of Jiyva.
   409 | D        | Found a shimmering altar of Xom.
   409 | D        | Found a corrupted altar of Lugonu.
   409 | D        | Noticed a slime creature
   412 | D        | Killed a slime creature
   412 | D        | Reached skill level 14 in Stealth
   439 | D        | Found Hinomp's Gadget Emporium.
   439 | D        | Found an ancient bone altar of Kikubaaqudgha.
   439 | D        | Found a hazy altar of Hepliaklqana.
   439 | D        | Found a hide-covered altar of Uskayaw.
   439 | D        | Found a basalt altar of Yredelemnul.
   439 | D        | Found an opulent altar of Gozag.
   439 | D        | Found a snail-covered altar of Cheibriados.
   439 | D        | Found a sacrificial altar of Ru.
   439 | D        | Found a shadowy altar of Dithmenos.
   439 | D        | Noticed a yak
   440 | D        | Found a stormy altar of Qazlal.
   440 | D        | Found a blossoming altar of Fedhas.
   440 | D        | Found a bloodstained altar of Trog.
   440 | D        | Found an iron altar of Okawaru.
   440 | D        | Found a glowing golden altar of the Shining One.
   440 | D        | Found a glowing silver altar of Zin.
   440 | D        | Found a white marble altar of Elyvilon.
   441 | D        | Killed a yak
   441 | D        | Reached skill level 15 in Stealth
   441 | D        | Reached XP level 7. HP: 33/33 MP: 8/8
   442 | D        | Found a sparkling altar of Nemelex Xobeh.
   445 | D        | Became a worshipper of Fedhas Madash
   453 | D        | Noticed Sonja
   455 | D        | Killed Sonja
   455 | D        | Reached skill level 15 in Dodging
   455 | D        | Reached skill level 17 in Stealth
   455 | D        | Reached skill level 5 in Invocations
   455 | D        | Reached XP level 8. HP: 37/37 MP: 8/12
   475 | D        | Found Qaofuq's Gadget Boutique.
   524 | D        | Noticed a deep troll
   528 | D        | Killed a deep troll
   528 | D        | Reached skill level 18 in Stealth
   538 | D        | Found Ynamonu's Armour Emporium.
   562 | D        | Bought a sack of spiders for 280 gold pieces
   562 | D        | Bought a wand of iceblast (11) for 210 gold pieces
   586 | D        | Noticed a kobold demonologist
   587 | D        | Noticed a kobold demonologist
   589 | D        | Reached * piety under Fedhas
   591 | D        | Killed a kobold demonologist
   591 | D        | Reached XP level 9. HP: 41/41 MP: 15/15
   593 | D        | Killed a kobold demonologist
   599 | D        | Noticed a demonic crawler
   599 | D        | Noticed a demonic crawler
   599 | D        | Noticed a demonic crawler
   599 | D        | Noticed a demonic crawler
   601 | D        | Killed a demonic crawler
   601 | D        | Reached ** piety under Fedhas
   601 | D        | Reached skill level 19 in Stealth
   622 | D        | Killed a demonic crawler
   622 | D        | Slain by a demonic crawler

Levels and vault maps discovered:
D:        dungeon_sprint_1 [red_sonja_temple_1, red_sonja_temple_small_1]

Skill      XL: |  1  2  3  4  5  6  7  8  9 |
---------------+----------------------------+-----
Short Blades   | 3 4 6 8 |  8.0
Dodging        | 5 8 11 13 15 16 17 | 17.6
Stealth        | 8 10 13 15 17 18 19 | 19.5
Invocations    | 5 7 9 |  9.0
Fighting       | |  1.5
Throwing       | |  2.0

Action                   |  1- 3 |  4- 6 |  7- 9 || total
-------------------------+-------+-------+-------++-------
Melee: Dagger            |     5 |    14 |     1 ||    20
       Short sword       |       |       |    18 ||    18
Throw: Dart              |     9 |    13 |       ||    22
  Use: Scroll            |       |       |     1 ||     1
       Potion            |       |       |     2 ||     2
 Stab: Sleeping          |       |     2 |     6 ||     8
Dodge: Dodged            |     6 |    14 |    92 ||   112
